 Dungeon Crawl Stone Soup version 0.27.1-2-g3b301248ec (webtiles) character file.

Game seed: 2344003588125246842

41104 worthlessgem the Fighter (level 14, -5/98 (115) HPs)
             Began as a Formicid Earth Elementalist on Sept 28, 2021.
             Was the Champion of Ashenzari.
             Slain by a polar bear (10 damage)
             ... while petrified by a basilisk
             ... on level 3 of the Lair of Beasts on Sept 29, 2021.
             The game lasted 03:41:48 (24210 turns).

worthlessgem the Fighter (FoEE)                    Turns: 24210, Time: 03:41:49

HP:   -5/98 (115)   AC: 10    Str: 12    XL:     14   Next: 48%
MP:   28/29         EV:  2    Int: 27    God:    Ashenzari [******]
Gold: 716           SH:  0    Dex: 18    Spells: 2/35 levels left

rFire    . . .     SeeInvis +   L - +0 dagger of Ashenzari's Paranoia {venom, Alch, Comp} (curse)
rCold    . . .     Faith    .   g - +0 buckler of Ashenzari's Mistrust {Range, Evo} (curse)
rNeg     + + +     Spirit   .   O - +1 robe of the Fated Adversity {Str-3 Int+2 Dex+7 Archmagi, Melee, Evo} (curse)
rPois    ∞         Reflect  .   (helmet unavailable)
rElec    .         Harm     +   S - scarf "Shattered Together" {+Inv, Evo, Comp} (curse)
rCorr    .         Rampage  .   t - +1 pair of gloves of Curses and Power {Fort, Melee} (curse)
Will     +....     Archmagi +   e - +0 pair of boots of the Fated Incredulity {Self, Comp} (curse) Stlth ++++++....Clarity +
                                H - amulet of the Wild Blue Yonder {Harm Regen+ Int+7 Stlth+, Comp, Cun} (curse)
HPRegen  1.26/turn              r - ring of the Wild Blue Yonder {Wiz, Elem, Cun} (curse)
MPRegen  0.21/turn              W - ring of the Unveiling Moon {AC+4, Range, Bglg} (curse)

@: petrified, heavily drained
A: permanent stasis, dig shafts and tunnels, antennae 3, four strong arms
a: Dig, Shaft Self, Renounce Religion, Evoke Invisibility, Shatter the Chains


You were on level 3 of the Lair of Beasts.
You worshipped Ashenzari.
Ashenzari was exalted by your worship.
You visited 4 branches of the dungeon, and saw 19 of its levels.
You also visited: Ice Cave.

You collected 992 gold pieces.
You spent 276 gold pieces at shops.

Inventory:

Hand Weapons
 i - a +5 dagger of freezing
 w - a +2 lajatang of flaming
 L - the cursed +0 dagger of Ashenzari's Paranoia (weapon) {venom, Alch, Comp}
   (You took it off an orc priest on level 7 of the Dungeon)

   It poisons the flesh of those it strikes.
   It has a curse which improves the following skills: Alchemy: Poison Magic and
   Transmutations.
   Companions: Summonings and Necromancy.
Missiles
 c - 487 stones
 k - 30 boomerangs
 l - 60 poisoned darts (quivered)
 y - 3 throwing nets
 B - 71 bolts
 E - a curare-tipped dart
 Q - 8 atropa-tipped darts
 U - 7 javelins
 X - 6 datura-tipped darts
Armour
 e - the cursed +0 pair of boots of the Fated Incredulity (worn) {Self, Comp}
   (You found it on level 5 of the Dungeon)

   It has a curse which improves the following skills: Introspection: Fighting
   and Spellcasting.
   Companions: Summonings and Necromancy.
 g - the cursed +0 buckler of Ashenzari's Mistrust (worn) {Range, Evo}
   (You found it on level 2 of the Dungeon)

   It has a curse which improves the following skills: Ranged Combat: Slings,
   Bows, Crossbows and Throwing.
   Evocations: Evocations.
 t - the cursed +1 pair of gloves of Curses and Power (worn) {Fort, Melee}
   (You found it on level 6 of the Dungeon)

   It has a curse which improves the following skills: Fortitude: Armour and
   Shields.
   Melee Combat: Short Blades, Long Blades, Axes, Maces & Flails, Polearms,
   Staves and Unarmed Combat.
 I - +0 shadow dragon scales
 N - the +4 Cigotuvi's embrace {rMiasma Drain rN+}
   (You found it on level 10 of the Dungeon)

   It gathers nearby corpses to temporarily increase the armour it provides.
   It protects you from foul pestilence.
   rN:        It protects you from negative energy.
   Drain:     It drains your maximum health when unequipped.
 O - the cursed +1 robe of the Fated Adversity (worn) {Str-3 Int+2 Dex+7 Archmagi, Melee, Evo}
   (You bought it in a shop on level 10 of the Dungeon)

   Str:       It affects your strength (-3).
   Int:       It affects your intelligence (+2).
   Dex:       It affects your dexterity (+7).
   Archmagi:  It increases the power of your magical spells.
   It has a curse which improves the following skills: Melee Combat: Short
   Blades, Long Blades, Axes, Maces & Flails, Polearms, Staves and Unarmed
   Combat.
   Evocations: Evocations.
 S - the cursed scarf "Shattered Together" (worn) {+Inv, Evo, Comp}
   (You found it on level 12 of the Dungeon)

   It has a curse which improves the following skills: Evocations: Evocations.
   Companions: Summonings and Necromancy.
Jewellery
 b - the necklace of Bloodlust {*Rage +Rage Will++ Int-3 Slay+6}
   (You found it on level 7 of the Dungeon)

   [amulet of nothing]

   It extends the wearer's berserk rage when killing foes.
   Int:       It affects your intelligence (-3).
   Slay:      It affects your accuracy & damage with ranged weapons and melee
   (+6).
   +Rage:     It lets you go berserk.
   *Rage:     It may make you go berserk in combat.
   Will:      It greatly increases your willpower.
 o - a ring of protection from cold
 r - the cursed ring of the Wild Blue Yonder (left hand) {Wiz, Elem, Cun}
   (You found it on level 5 of the Dungeon)

   [ring of wizardry]

   It improves your spell success rate.
   It has a curse which improves the following skills: Elements: Fire Magic, Ice
   Magic, Air Magic and Earth Magic.
   Cunning:   Dodging and Stealth.
 x - a ring of fire
 z - an amulet of the acrobat
 D - a ring of willpower
 H - the cursed amulet of the Wild Blue Yonder (around neck) {Harm Regen+ Int+7 Stlth+, Comp, Cun}
   (You acquired it on level 9 of the Dungeon)

   [amulet of regeneration]

   Int:       It affects your intelligence (+7).
   Regen:     It increases your rate of health regeneration.
   Harm:      It increases damage dealt and taken.
   Stlth:     It makes you more stealthy.
   It has a curse which improves the following skills: Companions: Summonings
   and Necromancy.
   Cunning:   Dodging and Stealth.
 P - the ring of the Lizard {Ice Str+2 Dex+3 Slay+6}
   (You found it in an ice cave)

   [ring of ice]

   It enhances your ice magic.
   Str:       It affects your strength (+2).
   Dex:       It affects your dexterity (+3).
   Slay:      It affects your accuracy & damage with ranged weapons and melee
   (+6).
   rF:        It makes you vulnerable to fire.
   rC:        It protects you from cold.
 R - a ring of positive energy
 W - the cursed ring of the Unveiling Moon (right hand) {AC+4, Range, Bglg}
   (You found it in an ice cave)

   [ring of protection]

   AC:        It affects your AC (+4).
   It has a curse which improves the following skills: Ranged Combat: Slings,
   Bows, Crossbows and Throwing.
   Beguiling: Conjurations, Hexes and Translocations.
 Y - a ring of resist corrosion
Wands
 m - a wand of paralysis (20)
 n - a wand of charming (4)
 q - a wand of polymorph (6)
 s - a wand of flame (44)
 F - a wand of iceblast (20)
 G - a wand of acid (15)
Scrolls
 j - a scroll of immolation
 u - 3 scrolls of amnesia
 v - 3 scrolls of fog
 C - 2 scrolls of magic mapping
 M - a scroll of summoning
Potions
 a - a potion of invisibility
 f - 4 potions of magic
 h - 4 potions of curing
 p - 3 potions of brilliance
 J - 2 potions of heal wounds
 K - 3 potions of flight
 T - 2 potions of lignification
 Z - a potion of cancellation
Miscellaneous
 d - a condenser vane
 V - a piece from Xom's chessboard (12/15)


   Skills:
 + Level 9.3(12.2) Fighting
 - Level 4.0(8.2) Short Blades
 - Level 5.8(10.3) Staves
 - Level 3.4(7.4) Throwing
 - Level 6.8(11.3) Dodging
 - Level 6.1(10.6) Stealth
 - Level 2.2(4.5) Shields
 + Level 8.3(11.3) Spellcasting
 - Level 3.0(5.6) Conjurations
 - Level 3.0(8.8) Necromancy
 - Level 6.9(10.0) Translocations
 - Level 7.7(10.7) Transmutations
 - Level 4.4(7.3) Fire Magic
 - Level 6.5(9.6) Air Magic
 - Level 6.0(9.1) Earth Magic
 - Level 1.2(3.1) Poison Magic
 - Level 8.0(13.7) Evocations


You had 2 spell levels left.
You knew the following spells:

 Your Spells              Type           Power      Damage    Failure   Level
a - Sandblast             Erth           100%       2d20      1%          1
b - Passwall              Tmut/Erth      66%        N/A       1%          2
c - Stone Arrow           Conj/Erth      100%       3d13      1%          3
d - Petrify               Tmut/Erth      80%        N/A       1%          4
e - Sticky Flame          Conj/Fire      66%        2d8       1%          4
f - Ignite Poison         Fire/Tmut/Pois 68%        N/A       1%          3
g - Vampiric Draining     Necr           38%        2d11      1%          3
h - Lee's Rapid Deconstr  Erth           38%        3d20*     1%          5
i - Summon Lightning Spi  Summ/Air       60%        N/A       1%          4
j - Iskenderun's Mystic   Conj/Tloc      72%        2d15      1%          4

Your spell library contained the following spells:

 Spells                   Type           Power      Damage    Failure   Level
 Shock                    Conj/Air       100%       1d9       1%          1
 Slow                     Hex            26%        N/A       1%          2
 Conjure Flame            Conj/Fire      66%        6-21      1%          3
 Gell's Gravitas          Tloc           40%        N/A       1%          3
 Teleport Other           Tloc           81%        N/A       1%          3
 Manifold Assault         Tloc           81%        N/A       1%          5
 Confusing Touch          Hex            26%        N/A       4%          3
 Fulminant Prism          Conj/Hex       23%        3d13      4%          4
 Dispersal                Tloc           40%        N/A       4%          6
 Storm Form               Tmut/Air       40%        N/A       19%         7
 Invisibility             Hex            13%        N/A       86%         6
 Maxwell's Capacitive Co  Air            39%        ∞         86%         8
 Chain Lightning          Conj/Air       35%        3d47      100%        9
 Blink                    Tloc           Unusable   N/A       N/A         2

Dungeon Overview and Level Annotations

Branches:
Dungeon (14/15)            Temple (1/1) D:5            Lair (3/6) D:9
 Shoals (0/4) Lair:2       Spider (0/4) Lair:3          Orc (1/2) D:9
  IceCv (visited)
 Vaults: D:13-14

Altars:
Ashenzari
Cheibriados
Dithmenos
Elyvilon
Fedhas
Gozag
Hepliaklqana
Kikubaaqudgha
Makhleb
Nemelex Xobeh
Okawaru
Qazlal
Ru
Sif Muna
Trog
Uskayaw
Vehumet
Wu Jian
Xom
Yredelemnul
Zin
The Shining One

Shops:
D:3 =   D:10 [!([

Annotations:
D:12 Nessos, Rupert


Innate Abilities, Weirdness & Mutations

You cannot be hasted, slowed, berserked, paralysed or teleported.
You can dig through walls and to a lower floor.
You have a pair of large antennae on your head. (SInv)
Your four strong arms can wield two-handed weapons with a shield.


Message History

The polar bear bites you!!
The polar bear claws you but does no damage. x2
The polar bear bites you!
The polar bear claws you but does no damage.
The polar bear barely misses you. The polar bear bites you!
The polar bear claws you. x2
The polar bear bites you.
The polar bear claws you but does no damage.
The polar bear claws you. The basilisk bites you!
The polar bear barely misses you.
The polar bear claws you but does no damage. x2
The basilisk bites you!
* * * LOW HITPOINT WARNING * * *
The polar bear bites you but does no damage.
The polar bear claws you but does no damage. x2
The polar bear barely misses you. The polar bear claws you.
* * * LOW HITPOINT WARNING * * *
The polar bear claws you but does no damage.
The basilisk bites you but does no damage.
The polar bear bites you!
* * * LOW HITPOINT WARNING * * *
The polar bear claws you but does no damage. x2
The basilisk bites you.
* * * LOW HITPOINT WARNING * * *
The polar bear bites you.
* * * LOW HITPOINT WARNING * * *
The polar bear claws you but does no damage. x2
The polar bear bites you!
* * * LOW HITPOINT WARNING * * *
The polar bear claws you.
* * * LOW HITPOINT WARNING * * *
The polar bear claws you but does no damage.
The basilisk bites you!
* * * LOW HITPOINT WARNING * * *
The polar bear bites you but does no damage.
The polar bear claws you but does no damage. x2
The basilisk bites you!
* * * LOW HITPOINT WARNING * * *
The polar bear bites you!
You die...

#########*## *
##########.# * , *
####..P##^#., , ,
*** * **
##..<....... * ,,,
, , *
*,.+.......... *
,,,, , , ,,*
,##.........., , ,
,,, ,
,,,,*##..........,
,, * ,,, , ,,,
##.........., , ,
, , ,##..@.......
,, , ,,,,,*
,****##.h.l......,
* * , * ,,**
######.#.... *,* *
, , *
##.........#* * *
* , ,*
##..#.##....* , *
* ,, * * ,,, ,....
* ,*, ** , ,...* ,
,, * * ,, * ,,, ..
*, , , ,, , { { ,
, ,, , * , ,


You could see a polar bear (berserk) and a basilisk.

Vanquished Creatures
  3 hydras
  Erica (D:9)
  A two-headed ogre (D:10)
  7 slime creatures (D:12)
  3 deep trolls (D:7)
  Pikel (D:8)
  An orc knight (D:9)
  A cyclops (D:11)
  An ugly thing (IceCv)
  5 elephants (Lair:2)
  5 centaur zombies
  A black mamba (Lair:2)
  5 cane toads
  2 ice statues (IceCv)
  3 komodo dragons (Lair:2)
  3 centaur skeletons (D:10)
  A freezing wraith (IceCv)
  An efreet (D:9)
  An anaconda simulacrum (IceCv)
  2 trolls
  3 hellwings (D:10)
  A hornet (D:11)
  A meliai zombie (D:10)
  A wraith (D:9)
  A wyvern (Lair:2)
  3 shadows
  A vampire (D:11)
  8 yaks
  A vampire mosquito (D:12)
  3 death yak simulacra (IceCv)
  A basilisk (Lair:1)
  A golden eye (shapeshifter) (D:9)
  Menkaure (D:5)
  Edmund (Temple)
  A warg (D:9)
  An acid dragon (D:10)
  13 water moccasins
  6 orc warriors
  2 ice beasts
  2 necrophages
  5 centaurs
  3 ogres
  14 wolves
  3 lemures (D:8)
  A phantom (D:5)
  3 kobold brigands
  9 bullfrogs
  3 gnoll sergeants
  A water moccasin zombie (D:5)
  4 scorpions
  A water moccasin skeleton (D:4)
  10 killer bees
  4 wights (D:7)
  2 electric eels
  5 howler monkeys
  4 hounds
  A jelly (D:7)
  A gnoll shaman (D:10)
  7 orc priests
  8 orc wizards
  3 iguanas
  A polar bear simulacrum (IceCv)
  A wolf simulacrum (IceCv)
  A hound zombie (D:5)
  A howler monkey zombie (D:9)
  14 gnolls
  7 adders
  2 white imps
  2 ufetubi
  A worm (D:2)
  An adder skeleton (D:4)
  2 dart slugs
  36 orcs
  8 bats
  6 endoplasms
  4 giant cockroaches
  8 goblins
  12 hobgoblins
  4 jackals (D:1)
  3 quokkas
  5 ball pythons
  4 frilled lizards
  25 kobolds
  A quokka skeleton (D:4)
  8 rats
349 creatures vanquished.

Vanquished Creatures (collateral kills)
  2 deep elf pyromancers (D:12)
  An elephant (Lair:2)
  An ice statue (IceCv)
  An anaconda simulacrum (IceCv)
  2 yaks (Lair:2)
7 creatures vanquished.

Vanquished Creatures (others)
  An orc (D:9)
  13 fungi
  8 plants
22 creatures vanquished.

Grand Total: 378 creatures vanquished

Notes
Turn   | Place    | Note
-------+----------+-------------------------------------------
     0 | D:1      | worthlessgem the Formicid Earth Elementalist began the
                  | quest for the Orb.
     0 | D:1      | Reached XP level 1. HP: 13/13 MP: 3/3
   708 | D:1      | Reached XP level 2. HP: 17/19 MP: 5/5
   711 | D:1      | Learned a level 2 spell: Passwall
  1165 | D:1      | Reached XP level 3. HP: 21/24 MP: 7/7
  1219 | D:1      | Learned a level 3 spell: Stone Arrow
  2096 | D:2      | Reached skill level 1 in Conjurations
  2354 | D:2      | Reached XP level 4. HP: 23/30 MP: 8/8
  3106 | D:2      | Found a faded altar of an unknown god.
  4070 | D:3      | Noticed an ogre
  4215 | D:3      | Found Jixedd's Jewellery Shoppe.
  4256 | D:3      | Noticed an ice beast
  4433 | D:3      | Reached XP level 5. HP: 30/35 MP: 7/9
  4529 | D:3      | Learned a level 4 spell: Petrify
  4722 | D:3      | Found a glowing golden altar of the Shining One.
  4778 | D:3      | Killed an ice beast
  4779 | D:3      | Reached skill level 5 in Earth Magic
  4779 | D:3      | Reached XP level 6. HP: 14/41 MP: 1/10
  5041 | D:3      | Killed an ogre
  6193 | D:4      | Reached XP level 7. HP: 46/46 MP: 7/11
  6463 | D:4      | Found a shadowy altar of Dithmenos.
  7057 | D:5      | Entered Level 5 of the Dungeon
  7672 | D:5      | Reached skill level 5 in Transmutations
  7762 | D:5      | Noticed Menkaure
  7815 | D:5      | Found a staircase to the Ecumenical Temple.
  7821 | D:5      | Noticed Edmund
  7961 | Temple   | Entered the Ecumenical Temple
  8044 | Temple   | Became a worshipper of Ashenzari the Shackled
  8089 | Temple   | Killed Edmund
  8090 | Temple   | Reached XP level 8. HP: 52/52 MP: 8/14
  8656 | D:5      | Killed Menkaure
  9540 | D:6      | Reached skill level 1 in Short Blades
 10017 | D:4      | Reached skill level 1 in Fighting
 10079 | D:4      | Learned a level 4 spell: Sticky Flame
 10453 | D:6      | Reached skill level 1 in Fire Magic
 10453 | D:6      | Reached XP level 9. HP: 51/61 MP: 8/15
 10858 | D:6      | Reached * piety under Ashenzari
 11115 | D:6      | Found a burning altar of Makhleb.
 11155 | D:6      | Reached skill level 2 in Fighting
 11582 | D:7      | Found a bloodstained altar of Trog.
 11683 | D:7      | Found an ancient bone altar of Kikubaaqudgha.
 11873 | D:7      | Reached skill level 3 in Fighting
 12074 | D:7      | Identified Seuduq's Tome of Excruciating Beguiling
 12164 | D:7      | Reached skill level 5 in Stealth
 12164 | D:7      | Reached skill level 1 in Shields
 12608 | D:7      | Reached skill level 1 in Staves
 12614 | D:7      | Reached ** piety under Ashenzari
 12625 | D:7      | Found an ornate altar of the Wu Jian Council.
 12932 | D:8      | Reached skill level 4 in Fighting
 12941 | D:8      | Reached XP level 10. HP: 59/71 MP: 10/16
 13073 | D:8      | Found a basalt altar of Yredelemnul.
 13237 | D:8      | Reached *** piety under Ashenzari
 14265 | D:8      | Found a sacrificial altar of Ru.
 14367 | D:8      | Noticed Pikel
 14726 | D:8      | Killed Pikel
 14727 | D:8      | Reached skill level 5 in Fighting
 15051 | D:8      | Learned a level 3 spell: Ignite Poison
 15097 | D:9      | Reached skill level 5 in Staves
 15097 | D:9      | Reached skill level 1 in Poison Magic
 15900 | D:9      | Found a staircase to the Orcish Mines.
 16092 | D:9      | Found a staircase to the Lair.
 16173 | D:9      | Noticed Erica
 16183 | D:9      | Killed Erica
 16234 | D:9      | Reached skill level 6 in Fighting
 16253 | D:9      | Reached XP level 11. HP: 70/81 MP: 11/17
 16301 | D:9      | Identified a scroll of acquirement
 16319 | D:9      | Acquired the amulet "Bakehe" {Harm Regen+ Int+7 Stlth+}
 16472 | D:9      | Found a sparkling altar of Nemelex Xobeh.
 16898 | D:10     | Entered Level 10 of the Dungeon
 16903 | D:10     | Found a hide-covered altar of Uskayaw.
 16928 | D:10     | Found a stormy altar of Qazlal.
 16976 | D:10     | Found Peegh's Distillery.
 17012 | D:10     | Bought a potion of heal wounds for 55 gold pieces
 17012 | D:10     | Bought a potion of flight for 33 gold pieces
 17024 | D:10     | Found Goekof's Antique Weapon Shop.
 17118 | D:7      | Reached **** piety under Ashenzari
 17134 | D:7      | Found the necklace of Bloodlust {*Rage +Rage Will++ Int-3
                  | Slay+6}
 17139 | D:7      | Noticed a deep troll
 17180 | D:7      | Noticed a deep troll
 17184 | D:7      | Noticed a deep troll
 17263 | D:7      | Killed a deep troll
 17264 | D:7      | Reached skill level 1 in Throwing
 17264 | D:7      | Reached skill level 1 in Evocations
 17264 | D:7      | Killed a deep troll
 17265 | D:7      | Reached skill level 5 in Spellcasting
 17346 | D:7      | Killed a deep troll
 17446 | Orc:1    | Entered Level 1 of the Orcish Mines
 17446 | Orc:1    | Noticed an orc knight
 17519 | D:9      | Killed an orc knight
 17771 | D:10     | Learned a level 3 spell: Vampiric Draining
 17890 | D:10     | Found a shimmering altar of Xom.
 17971 | D:10     | Reached skill level 1 in Necromancy
 18151 | D:10     | Found a snail-covered altar of Cheibriados.
 18474 | D:10     | Reached skill level 7 in Fighting
 18578 | D:10     | Noticed a two-headed ogre
 18587 | D:10     | Killed a two-headed ogre
 18731 | D:10     | Found Jekussukk's Antique Armour Shop.
 18801 | D:10     | Found Nosseut's Magic Scroll Boutique.
 18987 | D:10     | Reached skill level 5 in Dodging
 18987 | D:10     | Reached XP level 12. HP: 85/92 MP: 16/20
 19026 | D:10     | Reached skill level 8 in Fighting
 19268 | D:10     | Found the +4 Cigotuvi's embrace {rMiasma Drain rN+}
 19458 | D:10     | Found Omedes's Antique Armour Boutique.
 19466 | D:10     | Bought a faintly glowing robe for 188 gold pieces
 19466 | D:10     | Identified the +1 robe of the Dragon {Str-3 Int+2 Dex+7
                  | Archmagi} (You bought it in a shop on level 10 of the
                  | Dungeon)
 19704 | D:5      | Reached ***** piety under Ashenzari
 20016 | D:11     | Reached skill level 9 in Fighting
 20318 | D:11     | Reached skill level 1 in Air Magic
 20336 | D:11     | Noticed a six-headed hydra
 20386 | D:11     | Killed a six-headed hydra
 20412 | D:11     | Learned a level 7 spell: Storm Form
 20691 | D:12     | Noticed Rupert
 20699 | D:12     | You fall into a shaft and drop 2 floors!
 20754 | D:14     | Noticed a boulder beetle
 20877 | D:12     | Found a frozen archway.
 20889 | IceCv    | Entered an ice cave
 21014 | IceCv    | Reached XP level 13. HP: 107/107 MP: 23/27
 21037 | IceCv    | Identified the cursed +0 dagger of Ashenzari's Paranoia
                  | {venom, Alch, Comp} (You took it off an orc priest on level
                  | 7 of the Dungeon)
 21037 | IceCv    | Identified the cursed +0 cloak of Ashenzari's Sun {Elem,
                  | Melee} (You found it on level 6 of the Dungeon)
 21037 | IceCv    | Identified the cursed +1 pair of gloves of Curses and Power
                  | {Fort, Melee} (You found it on level 6 of the Dungeon)
 21037 | IceCv    | Identified the cursed +0 pair of boots of the Fated
                  | Incredulity {Self, Comp} (You found it on level 5 of the
                  | Dungeon)
 21037 | IceCv    | Identified the cursed +0 buckler of Ashenzari's Mistrust
                  | {Range, Evo} (You found it on level 2 of the Dungeon)
 21037 | IceCv    | Identified the cursed +0 robe "At What Cost Knowledge?"
                  | {rF+, Fort, Alch} (You took it off a wight on level 7 of
                  | the Dungeon)
 21112 | IceCv    | Reached skill level 5 in Evocations
 21350 | IceCv    | Learned a level 4 spell: Summon Lightning Spire
 21544 | IceCv    | Identified the ring of the Lizard {Ice Str+2 Dex+3 Slay+6}
 21689 | D:12     | Identified the +0 leather armour "Jiclitt" {rC+ Will++ MP-9
                  | Str+4}
 21703 | D:12     | Noticed Nessos
 21938 | D:12     | Noticed a six-headed hydra
 21942 | D:12     | Killed a six-headed hydra
 21971 | D:12     | Reached XP level 14. HP: 101/104 MP: 16/28
 22066 | D:12     | Learned a level 5 spell: Lee's Rapid Deconstruction
 22071 | D:12     | Learned a level 4 spell: Iskenderun's Mystic Blast
 22347 | Lair:1   | Entered Level 1 of the Lair of Beasts
 22485 | Lair:1   | Reached skill level 1 in Translocations
 22596 | Lair:1   | Found a hide-covered altar of Uskayaw.
 23165 | Lair:2   | Reached ****** piety under Ashenzari
 23480 | Lair:2   | Reached skill level 5 in Translocations
 23953 | Lair:2   | Found a staircase to the Shoals.
 24210 | Lair:3   | Slain by a polar bear

Illustrated notes

Levels and vault maps discovered:
D:1:      amcnicky_arrival_choice, layout_loops_ring,
          minmay_misc_feat_four_crosses, serial_park_tiny_1
D:2:      layout_rooms, ebering_ecumenical_altar_hall, minmay_heptomino_l4,
          uniq_sigmund
D:3:      cheibrodos_greedy_goblins, layout_basic,
          mainiacjoe_overflow_surrounded_room, serial_shops, shop
D:4:      minmay_chambers_of_fours, layout_basic,
          nicolae_dithmenos_through_a_glass_darkly
D:5:      layout_cave_pods, minmay_temple_entry_stoned_glass, uniq_edmund,
          uniq_menkaure
D:6:      layout_basic, lightli_temple_of_fire
D:7:      layout_rooms, overflow_temple_1_default,
          nicolae_wu_jian_immortal_techniques, lemuel_tele_altar,
          corexii_corridor_pit, hellmonk_guarded_unrand_vitality_bloodlust
D:8:      layout_cave_pods, general_overflow_altar,
          nicolae_ru_the_path_less_chosen, uniq_pikel
D:9:      layout_small_grid, kennysheep_mini_moat, dpeg_oklobed_lair,
          david_orc_3, uniq_erica
D:10:     layout_cave_pools, lemuel_doored_altar, cheibriados_altar_1,
          amcnicky_altar_gilded, grunt_qazlal_clouds, serial_shops, shop,
          nicolae_shop_stone, shop, shop, nicolae_shop_crystal,
          hellmonk_guarded_unrand_cigotuvi
D:11:     layout_basic
D:12:     layout_long_grid, portal_ice_cave_entry_pillars_1, drop_trap,
          st_stairs_11, uniq_nessos, uniq_rupert
D:13:     layout_roguey, grunt_vaults_entry_tiered, grunt_potential
D:14:     layout_roguey, serial_shops, nicolae_diamond_shop, minmay_shop_chei,
          chequers_big_river, minmay_sticks_and_stones
Temple:   jpeg_temple_island
Lair:1:   layout_roguey, basic_altar, infiniplex_staircase_pool
Lair:2:   layout_cave_pods, minmay_shoals_entry_hut, minivault_24,
          chequers_serial_rivers_marsh, pond, lemuel_fruit_tree
Lair:3:   layout_roguey, nicolae_spider_entry_non_spiders
Orc:1:    layout_diamond_mine, nicolae_shop_clearance

Skill      XL: |  1  2  3  4  5  6  7  8  9 10 11 12 13 14 |
---------------+-------------------------------------------+-----
Spellcasting   | 3 4 5 8 |  8.3
Earth Magic    | 4 5 6 |  6.0
Conjurations   | 1 2 3 |  3.0
Transmutations | 2 3 6 7 |  7.7
Short Blades   | 2 4 |  4.0
Fighting       | 1 4 6 7 9 |  9.3
Stealth        | 3 5 6 |  6.1
Fire Magic     | 1 2 4 |  4.4
Dodging        | 2 4 5 6 |  6.8
Shields        | 2 |  2.2
Staves         | 2 5 |  5.8
Poison Magic   | 1 |  1.2
Throwing       | 3 |  3.4
Evocations     | 4 7 8 |  8.0
Necromancy     | 3 |  3.0
Air Magic      | 6 |  6.5
Translocations | 6 |  6.9

Action                   |  1- 3 |  4- 6 |  7- 9 | 10-12 | 13-15 || total
-------------------------+-------+-------+-------+-------+-------++-------
Melee: Hand axe          |   103 |    42 |       |       |       ||   145
       Unarmed           |    14 |       |       |       |     5 ||    19
       War axe           |       |    91 |    39 |       |       ||   130
       Dagger            |       |       |   156 |   247 |   215 ||   618
       Flail             |       |       |    26 |       |       ||    26
       Lajatang          |       |       |     1 |    51 |       ||    52
 Fire: Hunting sling     |       |    12 |    11 |       |       ||    23
       Shortbow          |       |       |     9 |    43 |       ||    52
Throw: Stone             |     1 |       |       |     4 |     4 ||     9
       Dart              |       |       |     3 |    28 |     3 ||    34
       Boomerang         |       |       |     2 |     4 |       ||     6
 Cast: Sandblast         |     9 |    18 |    10 |    29 |    18 ||    84
       Stone Arrow       |     1 |    18 |    24 |    12 |     1 ||    56
       Passwall          |       |     9 |    17 |    31 |     4 ||    61
       Petrify           |       |       |    26 |    32 |    15 ||    73
       Sticky Flame      |       |       |     5 |     8 |     9 ||    22
       Ignite Poison     |       |       |       |    29 |    20 ||    49
       Vampiric Draining |       |       |       |     8 |    11 ||    19
       Summon Lightning  |       |       |       |       |    17 ||    17
       Storm Form        |       |       |       |       |     2 ||     2
       Lee's Rapid Decon |       |       |       |       |     2 ||     2
       Iskenderun's Myst |       |       |       |       |     1 ||     1
Invok: Curse Item        |       |       |     3 |     5 |     3 ||    11
       Shatter the Chain |       |       |       |       |     2 ||     2
 Abil: Dig               |     7 |     6 |    10 |    26 |     7 ||    56
       Shaft Self        |       |       |       |     1 |       ||     1
       Evoke Invisibilit |       |       |       |       |     3 ||     3
       End Transformatio |       |       |       |       |     1 ||     1
Evoke: Wand              |       |       |       |     3 |    10 ||    13
       Piece from Xom's  |       |       |       |       |     6 ||     6
  Use: Potion            |       |       |     5 |     2 |       ||     7
       Scroll            |       |       |     4 |     5 |     3 ||    12
 Stab: Sleeping          |     1 |     4 |     9 |    12 |     9 ||    35
       Distracted        |       |     1 |       |       |       ||     1
       Petrified         |       |       |    80 |    32 |    15 ||   127
       Petrifying        |       |       |     3 |     2 |     1 ||     6
       Paralysed         |       |       |       |     3 |       ||     3
       Invisible         |       |       |       |       |     2 ||     2
Armor: Robe              |    39 |    41 |    33 |    78 |    38 ||   229
       Leather armour    |       |       |       |       |    28 ||    28
       Shadow dragon sca |       |       |       |       |    10 ||    10
Dodge: Dodged            |   126 |   126 |   121 |   243 |   158 ||   774
Block: Buckler           |       |       |     2 |    74 |    39 ||   115
